AoeStats
← PäriS

Arena

508743729Analyzed
1v1 RM · 8d ago on Sep 23, 2026· 44m 38s· 2 players
Game mode
Random Map
Map size
Tiny (2 player)
Population
200
Speed
Normal
Resources
Standard
Victory
Conquest
Starting age
Dark Age
Ending age
Imperial Age
RankedLock teamsTeams togetherTeam positionsShared explorationLock speedFull tech treeHidden civsTurbo modeCheats
Victory
Defeat
🇲🇽 Danes · Mexico
495
+17
🇩🇪 Chinese · Germany
509
-17
juan_ca2905
12:02 Feudal Age
16:33 Wheelbarrow
19:23 Castle Age
20:15 Horse Collar
20:21 Double-Bit Axe
20:45 Squires
20:30 Gambesons
22:05 Bow Saw
26:53 Elite Skirmisher
39:13 Imperial Age
37:23 Hand Cart
39:22 Hamask
40:39 Padded Archer Armor
40:30 Fletching
40:50 Forging
40:41 Scale Mail Armor
40:46 Scale Barding Armor
43:26 Elite Varangian Guard
PäriS
9:47 Feudal Age
10:30 Double-Bit Axe
14:02 Wheelbarrow
14:40 Horse Collar
15:31 Loom
20:56 Castle Age
19:10 Stone Mining
20:01 Padded Archer Armor
19:52 Fletching
20:37 Gold Mining
22:12 Bow Saw
22:48 Stone Shaft Mining
22:45 Heavy Plow
25:04 Thumb Ring
28:43 Gold Shaft Mining
28:52 Hand Cart
30:53 Bodkin Arrow
31:14 Leather Archer Armor
32:38 Elite Skirmisher
32:39 Crossbowman
34:41 Ballistics
41:29 Imperial Age
41:19 Scale Mail Armor
43:08 Ring Archer Armor
42:39 Bracer
43:42 Chemistry
Connection lost

Rejoining the realm…

Still unreachable

The connection could not be restored.

Session expired

The server has moved on; the page needs a fresh start.